 Dungeon Crawl Stone Soup version 0.28.0-47-ge53b351184 (webtiles) character file.

Game seed: 10806045899107526777

457 bobregger the Skirmisher (level 7, -2/79 HPs)
             Began as an Ogre Berserker on May 2, 2022.
             Was a Believer of Trog.
             Slain by a sky beast (5 damage)
             ... on level 4 of the Dungeon.
             The game lasted 00:04:35 (4664 turns).

bobregger the Skirmisher (Ogre Berserker)           Turns: 4664, Time: 00:04:35

Health: -2/79      AC:  3    Str: 28    XL:     7   Next: 6%
Magic:  7/7        EV: 10    Int:  8    God:    Trog [**....]
Gold:   145        SH:  5    Dex: 10    Spells: 6/6 levels left

rFire   . . .      SeeInvis .   a - +0 mace
rCold   . . .      Faith    .   (no shield)
rNeg    . . .      Spirit   .   b - +0 animal skin
rPois   .          Reflect  +   (helmet restricted)
rElec   .          Harm     .   (no cloak)
rCorr   .          Rampage  .   (gloves unavailable)
Will    .....                   (boots unavailable)
Stlth   +.........              f - amulet of reflection
HPRegen 0.23/turn               l - +6 ring of strength
MPRegen 0.10/turn               (no ring)

@: no status effects
A: large, unfitting armour, tough skin 1
a: Renounce Religion, Berserk, Trog's Hand


You were on level 4 of the Dungeon.
You worshipped Trog.
Trog was pleased with you.
You visited 1 branch of the dungeon, and saw 4 of its levels.

You collected 145 gold pieces.

Inventory:

Hand Weapons
 a - a +0 mace (weapon)
Armour
 b - a +0 animal skin (worn)
Jewellery
 f - an amulet of reflection (around neck)
 l - a +6 ring of strength (left hand)
Wands
 p - a wand of acid (10)
Scrolls
 c - a scroll of magic mapping {unknown}
 d - a scroll of noise {unknown}
 e - 3 scrolls of fog {unknown}
 h - a scroll of vulnerability {unknown}
 i - a scroll of enchant armour {unknown}
 j - a scroll of identify {unknown}
 m - a scroll of immolation {unknown}
Potions
 g - a potion of mutation {unknown}
 k - a potion of flight {unknown}
 n - a potion of berserk rage {unknown}
 o - a potion of curing {unknown}


   Skills:
 + Level 7.7 Fighting
 + Level 5.3 Maces & Flails
 - Level 2.6 Dodging


You had 6 spell levels left.
You didn't know any spells.
Your spell library was empty.

Dungeon Overview and Level Annotations

Branches:
Dungeon (4/15)             Temple (0/1) D:4

Altars:
Sif Muna
Vehumet
Yredelemnul


Innate Abilities, Weirdness & Mutations

You are too large for most types of armour.
You have tough skin. (AC +1)


Message History

The orc is heavily wounded.
The orc closely misses you.
You hit the orc.
You kill the orc!
Trog accepts your kill.
HP restored.
Things that are here:
a +0 hand axe; an orc corpse
Found a stone staircase leading up.
A sky beast comes into view.
A sky beast is nearby!
A sky beast is nearby!
The sky beast hits you. The sky beast shocks you.
You barely miss the sky beast. The sky beast hits you.
The sky beast shocks you. The sky beast barely misses you.
You closely miss the sky beast.
The sky beast flickers out of sight!
Deactivating autopickup; reactivate with Ctrl-A.
Something hits you. Something shocks you.
You barely miss something. Something hits you but does no damage.
You sock something! Something hits you. Something shocks you.
You miss something. Something hits you but does no damage.
You hit something but do no damage. Something hits you but does no damage.
You barely miss something. Your punch misses something.
Something hits you but does no damage.
You barely miss something. Something hits you. Something shocks you.
You miss something. Something hits you. Something shocks you.
You closely miss something. Something hits you. Something shocks you.
* * * LOW HITPOINT WARNING * * *
Something hits you.
* * * LOW HITPOINT WARNING * * *
Something shocks you.
* * * LOW HITPOINT WARNING * * *
You barely miss something. Something hits you.
* * * LOW HITPOINT WARNING * * *
Something shocks you.
* * * LOW HITPOINT WARNING * * *
You miss something. Something hits you.
* * * LOW HITPOINT WARNING * * *
Something shocks you.
You die...

#########
.......#+####
#..........#
#..........#
#....{.....#
#....@...!.#
#..........#
#..........#
#.......<..+
#..........#
#...#..##+##
##...#...#
##...###....
##...........#


There were no monsters in sight!

Vanquished Creatures
  A scorpion (D:3)
  A centaur zombie (D:4)
  3 jellies
  An orc priest (D:3)
  2 hounds
  Jessica (D:2)
  4 gnolls
  4 adders
  A worm (D:2)
  2 dart slugs (D:1)
  4 orcs
  8 ball pythons
  5 bats
  7 endoplasms
  3 giant cockroaches
  3 goblins (D:1)
  8 hobgoblins
  3 jackals
  11 kobolds
  3 quokkas
  2 frilled lizards
  7 rats
84 creatures vanquished.

Notes
Turn   | Place    | Note
-------+----------+-------------------------------------------
     0 | D:1      | bobregger the Ogre Berserker began the quest for the Orb.
     0 | D:1      | Reached XP level 1. HP: 24/24 MP: 1/1
   289 | D:1      | Reached XP level 2. HP: 32/33 MP: 2/2
   763 | D:1      | Reached XP level 3. HP: 35/41 MP: 3/3
  1184 | D:1      | Found a faded altar of an unknown god.
  1246 | D:1      | Reached skill level 5 in Fighting
  1683 | D:2      | Reached ** piety under Trog
  1684 | D:2      | Reached XP level 4. HP: 45/50 MP: 4/4
  2244 | D:2      | Noticed Jessica
  2250 | D:2      | Killed Jessica
  2546 | D:3      | Reached XP level 5. HP: 53/59 MP: 5/5
  2653 | D:3      | Reached skill level 6 in Fighting
  2654 | D:3      | HP: 4/88 [poisoned by an adder]
  2982 | D:3      | Found a basalt altar of Yredelemnul.
  3155 | D:3      | Found a radiant altar of Vehumet.
  3579 | D:3      | Found a shimmering blue altar of Sif Muna.
  3628 | D:3      | Reached XP level 6. HP: 24/68 MP: 6/6
  4122 | D:3      | Reached skill level 7 in Fighting
  4254 | D:4      | Reached skill level 5 in Maces & Flails
  4551 | D:4      | Reached XP level 7. HP: 67/79 MP: 7/7
  4592 | D:4      | Found a staircase to the Ecumenical Temple.
  4664 | D:4      | HP: 3/79 [something (3)]
  4664 | D:4      | Slain by a sky beast

Illustrated notes

Levels and vault maps discovered:
D:1:      dpeg_arrival_shelter, layout_basic, dreamdust_ecumenical_altar_grove
D:2:      layout_basic, minmay_cupped, uniq_jessica
D:3:      layout_rooms, mainiacjoe_overflow_six_doors_small,
          nicolae_overflow_hidden_temple, old_standard_altar,
          kennysheep_generic_room_9
D:4:      layout_basic, minmay_temple_entry_tees, minmay_shop_grid_forest

Skill      XL: |  1  2  3  4  5  6 |
---------------+-------------------+-----
Maces & Flails | 3 4 5 |  5.3
Fighting       | 5 6 7 |  7.7
Dodging        | |  2.6

Action                   |  1- 3 |  4- 6 |  7- 9 || total
-------------------------+-------+-------+-------++-------
Melee: Mace              |   115 |   140 |    14 ||   269
       Punch             |     2 |     5 |       ||     7
Invok: Berserk           |     1 |     3 |       ||     4
       Trog's Hand       |       |     1 |       ||     1
Armor: Animal skin       |    35 |    43 |     4 ||    82
Dodge: Dodged            |    57 |    95 |     2 ||   154
Block: Other             |    11 |    36 |       ||    47
       Reflection        |       |     3 |       ||     3
